 Dungeon Crawl Stone Soup version 0.23.2-33-g5129a83184 (webtiles) character file.

Game seed: 2419581418767638932

2377 Derp the Carver (level 9, -15/69 HPs)
             Began as a Demonspawn Gladiator on July 24, 2019.
             Killed from afar by Harold (16 damage)
             ... with a harpoon shot
             ... on level 7 of the Dungeon.
             The game lasted 00:18:26 (7540 turns).

Derp the Carver (Demonspawn Gladiator)              Turns: 7540, Time: 00:18:26

Health: -15/69     AC:  5    Str: 19    XL:     9   Next: 21%
Magic:  9/9        EV: 15    Int: 11    God:
Gold:   356        SH:  0    Dex: 20    Spells: 8/8 levels left

rFire    . . .     SeeInvis .   a - +0 long sword
rCold    . . .     Gourm    .   (no shield)
rNeg     . . .     Faith    .   b - +0 leather armour
rPois    +         Spirit   .   (helmet restricted)
rElec    .         Reflect  .   (no cloak)
rCorr    .         Harm     .   (no gloves)
MR       .....                  (no boots)
Stlth    ++........             (no amulet)
HPRegen  0.21/turn              l - ring of poison resistance
MPRegen  0.11/turn              p - +3 ring of dexterity

@: mighty, marked
A: horns 2, iridescent scales 1, spiny 1
a: no special abilities


You were on level 7 of the Dungeon.
You were not hungry.

You visited 1 branch of the dungeon, and saw 7 of its levels.
You also visited: Sewer and Ossuary.

You collected 356 gold pieces.

Inventory:

Hand Weapons
 a - a +0 long sword (weapon)
Missiles
 d - 7 throwing nets (quivered)
 i - 8 javelins of returning
Armour
 b - a +0 leather armour (worn)
 c - a +0 helmet
Jewellery
 l - a ring of poison resistance (left hand)
 n - an uncursed ring of positive energy
 p - a +3 ring of dexterity (right hand)
 C - an uncursed ring of positive energy
Wands
 B - a wand of paralysis (2)
Scrolls
 e - 2 scrolls of magic mapping {unknown}
 g - a scroll of enchant armour {unknown}
 h - 6 scrolls of identify
 j - 5 scrolls of blinking {unknown}
 m - a scroll of immolation {unknown}
 q - a scroll of amnesia {unknown}
 s - a scroll of random uselessness {unknown}
 w - a scroll of remove curse {unknown}
 y - a scroll of noise {unknown}
 F - a scroll of vulnerability {unknown}
 H - 3 scrolls of teleportation {unknown}
 I - 2 scrolls of holy word {unknown}
Potions
 k - 9 potions of curing
 o - 3 potions of lignification {unknown}
 r - 3 potions of brilliance {unknown}
 t - a potion of flight {unknown}
 u - 2 potions of might
 v - a potion of agility
 x - a potion of cancellation {unknown}
 z - a potion of haste {unknown}
 A - a potion of berserk rage {unknown}
 D - a potion of resistance {unknown}
 E - a potion of mutation {unknown}
 G - 2 potions of magic {unknown}
Comestibles
 f - 7 rations


   Skills:
 + Level 5.7 Fighting
 + Level 8.3 Long Blades
 + Level 1.9 Throwing
 + Level 3.5 Armour
 + Level 5.2 Dodging
 + Level 2.7 Stealth


You had 8 spell levels left.
You didn't know any spells.
Your spell library contained the following spells:

 Spells                   Type           Power        Failure   Level  Hunger
 Corona                   Hex            #......      38%         1    ##.....
 Ensorcelled Hibernation  Hex/Ice        #.....       52%         2    ###....
 Confuse                  Hex            #.......     77%         3    ####...
 Dazzling Spray           Conj/Hex       #.....       77%         3    ####...
 Tukima's Dance           Hex            #.......     77%         3    ####...


Dungeon Overview and Level Annotations

Branches:
Dungeon (7/15)
 Temple: D:4-7

Altars:
Cheibriados

Annotations:
D:7 Harold


Innate Abilities, Weirdness & Mutations

You have a pair of horns on your head.
You are partially covered in iridescent scales. (AC +2)
You are partially covered in sharp spines.


Message History

You struggle against the net.
You struggle against the net.
Harold is struck by your spines. Harold hits you with a +0 hand axe!
You rip the net and break free!
Harold hits you with a +0 hand axe.
You hit Harold.
Harold is lightly wounded.
Harold is struck by your spines. Harold hits you with a +0 hand axe!
You barely miss Harold. You headbutt Harold, but do no damage.
Harold is lightly wounded.
Harold hits you with a +0 hand axe!
* * * LOW HITPOINT WARNING * * *
You feel very mighty all of a sudden. Harold hits you with a +0 hand axe!
* * * LOW HITPOINT WARNING * * *
Okay, then.
Harold gestures at you while chanting. The mark upon you grows brighter.
Harold casts a spell at you. The harpoon shot hits you!
You die...

#....########
#...........##
#............#
.....#......#
+............# #..
##..@....# #...#........#
#...........##
#.[.....#@..##
#....#.......#
.'.o..........#
#######...#'########
########...######..##....##
#...........#..#..........#
+...........'..'..........#
######...####.###..##.....#
######...####.#######.....#


You could see Harold and an orc wizard.

Vanquished Creatures
  Pikel (D:7)
  Grinder (D:6)
  Prince Ribbit (D:6)
  Edmund (D:5)
  4 slaves
  A sky beast (D:6)
  2 phantoms
  A gnoll sergeant (D:6)
  4 crimson imps
  3 centaur zombies (Ossuary)
  A hound (D:2)
  An orc priest (D:6)
  3 orc wizards
  A bullfrog skeleton (D:5)
  Ijyb (D:5)
  2 iguanas
  2 worker ants
  3 big kobold zombies (Ossuary)
  6 mummies (Ossuary)
  8 gnolls
  8 river rats
  10 adders
  4 oozes
  3 worms
  5 dart slugs
  5 leopard geckos
  23 orcs
  8 bats
  5 giant cockroaches
  6 goblins
  4 hobgoblins
  2 jackals (D:4)
  2 quokkas
  7 ball pythons
  4 frilled lizards
  3 hobgoblin zombies (Ossuary)
  21 kobolds
  27 rats
194 creatures vanquished.

Notes
Turn   | Place    | Note
-------+----------+-------------------------------------------
     0 | D:1      | Derp the Demonspawn Gladiator began the quest for the Orb.
     0 | D:1      | Reached XP level 1. HP: 16/16 MP: 1/1
   341 | D:1      | Gained mutation: You have a pair of small horns on your
                  | head. [demonic ancestry]
   341 | D:1      | Reached XP level 2. HP: 19/22 MP: 2/2
   662 | D:1      | Reached skill level 3 in Long Blades
   829 | D:2      | Found a snail-covered altar of Cheibriados.
   910 | D:2      | Reached XP level 3. HP: 27/27 MP: 3/3
  1229 | D:2      | Reached skill level 1 in Armour
  1229 | D:2      | Gained mutation: You have a pair of horns on your head.
                  | [demonic ancestry]
  1229 | D:2      | Reached XP level 4. HP: 10/34 MP: 4/4
  2083 | D:3      | Reached skill level 4 in Long Blades
  2162 | D:3      | Reached XP level 5. HP: 6/39 MP: 5/5
  2353 | D:3      | Found a glowing drain.
  2411 | Sewer    | Entered a sewer
  3495 | Sewer    | Reached XP level 6. HP: 42/46 MP: 6/6
  4436 | D:4      | Reached skill level 1 in Stealth
  4778 | D:4      | Reached skill level 5 in Long Blades
  5238 | D:5      | Entered Level 5 of the Dungeon
  5258 | D:5      | Gained mutation: You are partially covered in iridescent
                  | scales. (AC +2) [demonic ancestry]
  5258 | D:5      | Reached XP level 7. HP: 49/52 MP: 7/7
  5311 | D:5      | Noticed Edmund
  5356 | D:5      | Killed Edmund
  5627 | D:5      | Noticed Ijyb
  5631 | D:5      | Paralysed by Ijyb for 3 turns
  5637 | D:5      | Paralysed by Ijyb for 5 turns
  5647 | D:5      | Paralysed by Ijyb for 7 turns
  5654 | D:5      | Killed Ijyb
  5654 | D:5      | Reached skill level 6 in Long Blades
  5791 | D:6      | Noticed Grinder
  5803 | D:6      | Killed Grinder
  5803 | D:6      | Reached XP level 8. HP: 48/60 MP: 8/8
  6067 | D:6      | Noticed Prince Ribbit
  6079 | D:6      | Reached skill level 7 in Long Blades
  6129 | D:6      | Killed Prince Ribbit
  6948 | D:7      | Noticed Pikel
  7130 | D:7      | Killed Pikel
  7130 | D:7      | Reached skill level 5 in Fighting
  7130 | D:7      | Reached skill level 5 in Dodging
  7130 | D:7      | Gained mutation: You are partially covered in sharp spines.
                  | [demonic ancestry]
  7130 | D:7      | Reached XP level 9. HP: 43/68 MP: 9/9
  7164 | D:7      | Reached skill level 8 in Long Blades
  7186 | D:7      | Found a sand-covered staircase.
  7192 | D:7      | Noticed Harold
  7196 | Ossuary  | Entered an ossuary
  7537 | D:7      | HP: 1/69 [Harold/+0 hand axe (15)]
  7540 | D:7      | Killed from afar by Harold

Skill      XL: |  1  2  3  4  5  6  7  8  9 |
---------------+----------------------------+-----
Dodging        | 3 4 5 |  5.2
Long Blades    | 3 4 5 6 7 8 |  8.3
Armour         | 1 2 3 |  3.5
Fighting       | 3 4 5 |  5.7
Stealth        | 1 2 |  2.7
Throwing       | |  1.9

Action                   |  1- 3 |  4- 6 |  7- 9 || total
-------------------------+-------+-------+-------++-------
Melee: Long sword        |    89 |   274 |   267 ||   630
       Headbutt          |    12 |    54 |    95 ||   161
  Use: Potion            |       |     2 |     6 ||     8
       Scroll            |       |     1 |       ||     1
 Stab: Sleeping          |       |     3 |     1 ||     4
  Eat: Ration            |       |     2 |     1 ||     3
       Chunk             |       |     7 |     7 ||    14
Armor: Leather armour    |    24 |    51 |    58 ||   133
Dodge: Dodged            |    69 |   185 |   180 ||   434
       Rpst.: Long sword |    25 |    60 |    61 ||   146
